 Dungeon Crawl Stone Soup version 0.24-a0-397-g73b976d855 (webtiles) character file.

Game seed: 14491061872556837251

6839 theanonym the Grappler (level 10, -4/104 HPs)
             Began as a Troll Gladiator on June 4, 2019.
             Was a Believer of the Shining One.
             Slain by a death yak (22 damage)
             ... on level 8 of the Dungeon.
             The game lasted 00:07:45 (7198 turns).

theanonym the Grappler (Troll Gladiator)            Turns: 7198, Time: 00:07:46

Health: -4/104     AC:  7    Str: 27    XL:     10   Next: 77%
Magic:  18/18      EV: 10    Int:  4    God:    the Shining One [**....]
Gold:   538        SH:  0    Dex: 11    Spells: 9/9 levels left

rFire    . . .     SeeInvis .     - Unarmed
rCold    . . .     Gourm    +   (no shield)
rNeg     + . .     Faith    .   a - +0 robe
rPois    +         Spirit   .   b - +1 hat
rElec    .         Reflect  .   (no cloak)
rCorr    .         Harm     .   (gloves unavailable)
MR       .....                  (boots unavailable)
Stlth    +.........             (no amulet)
HPRegen  0.67/turn              l - ring of poison resistance
MPRegen  0.16/turn              x - ring of Brilliance {MP+9 Slay+3}

@: glowing
A: large, unfitting armour, claws 3, fast metabolism 3, gourmand, regeneration
1, shaggy fur 1, tough skin 3
a: Divine Shield, Renounce Religion


Innate Abilities, Weirdness & Mutations

You are too large for most types of armour.
You have claws for hands.
Your metabolism is lightning-fast.
You like to eat raw meat.
Your natural rate of healing is unusually fast.
You are covered in fur. (AC +1)
You have extremely tough skin. (AC +3)


   Skills:
 + Level 8.2 Fighting
 - Level 1.7 Throwing
 - Level 2.4 Dodging
 * Level 13.4 Unarmed Combat


You had 9 spell levels left.
You didn't know any spells.
Your spell library was empty.

Skill      XL: |  1  2  3  4  5  6  7  8  9 10 |
---------------+-------------------------------+-----
Fighting       | 2 3 4 5 7 8 |  8.2
Unarmed Combat | 4 5 6 8 10 11 13 | 13.4
Throwing       | |  1.7
Dodging        | |  2.4

Action                   |  1- 3 |  4- 6 |  7- 9 | 10-12 || total
-------------------------+-------+-------+-------+-------++-------
Melee: Unarmed           |   126 |    87 |   263 |    98 ||   574
       Punch             |       |     1 |    13 |     8 ||    22
Throw: Throwing net      |       |     2 |     1 |     2 ||     5
Invok: Divine Shield     |       |       |       |     1 ||     1
  Use: Scroll            |       |     6 |     3 |     3 ||    12
       Potion            |       |       |       |     2 ||     2
 Stab: Sleeping          |       |       |     1 |       ||     1
  Eat: Chunk             |    19 |    20 |    23 |    12 ||    74
Armor: Robe              |    54 |    31 |    82 |    22 ||   189
Dodge: Dodged            |    76 |    38 |    95 |    27 ||   236

Inventory:

Armour
 a - a +0 robe (worn)
 b - a +1 hat (worn)
Jewellery
 g - an uncursed ring of magical power
 i - an uncursed ring of poison resistance
 l - a ring of poison resistance (left claw)
 s - an uncursed ring of ice {unknown}
 x - the ring of Brilliance (right claw) {MP+9 Slay+3}

   [ring of magical power]

   It affects your accuracy and damage with ranged weapons and melee attacks
   (+3).
   It affects your magic capacity (+9).
Wands
 d - a wand of digging (12)
Scrolls
 f - 3 scrolls of fog
 n - 5 scrolls of remove curse
 o - 4 scrolls of enchant armour
 p - a scroll of blinking {unknown}
 r - 2 scrolls of identify
 t - 8 scrolls of teleportation
 u - a scroll of enchant weapon
 v - a scroll of fear {unknown}
Potions
 h - a potion of haste
 j - 3 potions of brilliance
 m - 2 potions of might
 w - 9 potions of curing
Comestibles
 c - 4 chunks of flesh
 e - 31 rations


You were on level 8 of the Dungeon.
You worshipped the Shining One.
The Shining One was pleased with you.
You were very full.

You visited 2 branches of the dungeon, and saw 9 of its levels.
You also visited: Sewer.

You collected 538 gold pieces.

Dungeon Overview and Level Annotations

Branches:
Dungeon (8/15)             Temple (1/1) D:6            Lair (0/6) D:8

Altars:
Ashenzari
Cheibriados
Dithmenos
Elyvilon
Fedhas
Gozag
Hepliaklqana
Kikubaaqudgha
Makhleb
Nemelex Xobeh
Okawaru
Qazlal
Ru
Sif Muna
Trog
Uskayaw
Vehumet
Wu Jian
Xom
Yredelemnul
Zin
The Shining One

####.#.# #.## #..#.#.# #..#
####.#.#.#################.####
#..............................
#.####.#.....##############.###
#[.......###.#<..........##..##
#.####.....# #.#.#########.##....
#..........# #.#...........##....
#######....# #.#@...........#...)
.......#.### #.#YY.......#####...
######.#.# #.##............#...
.....#.#.# #.##............#...
.....#.#.# #.#.................
.........# ##.#.......>.#.......
.....#.### #.........)÷.#.......
.....#.# #......#..÷..........
.....#.######......#.............


You could see 2 death yaks.

Notes
Turn   | Place    | Note
-------+----------+-------------------------------------------
     0 | D:1      | theanonym the Troll Gladiator began the quest for the Orb.
     0 | D:1      | Reached XP level 1. HP: 19/19 MP: 0/0
   146 | D:1      | Reached XP level 2. HP: 28/28 MP: 1/1
   527 | D:1      | Reached skill level 2 in Fighting
   894 | D:2      | Reached XP level 3. HP: 35/35 MP: 2/2
   974 | D:2      | Reached skill level 4 in Unarmed Combat
  1081 | D:2      | Found a hide-covered altar of Uskayaw.
  1081 | D:2      | Noticed a +0 dagger
  1081 | D:2      | Noticed a +0 dagger
  1528 | D:3      | Reached XP level 4. HP: 44/44 MP: 3/3
  1945 | D:4      | Reached skill level 5 in Unarmed Combat
  1977 | D:4      | Reached XP level 5. HP: 42/50 MP: 4/4
  2405 | D:4      | Found a basalt altar of Yredelemnul.
  2617 | D:4      | Reached skill level 3 in Fighting
  2630 | D:4      | Noticed an ogre
  2636 | D:4      | HP: 19/53 [ogre/+0 giant club (26)]
  2639 | D:4      | Killed an ogre
  2639 | D:4      | Reached XP level 6. HP: 23/61 MP: 5/5
  2730 | D:4      | Reached skill level 6 in Unarmed Combat
  2777 | D:4      | Noticed Natasha
  2781 | D:4      | Killed Natasha
  2865 | D:4      | Noticed Natasha
  2869 | D:4      | Killed Natasha
  2942 | D:4      | Found a basalt altar of Yredelemnul.
  3530 | D:4      | Noticed Natasha
  3536 | D:4      | Killed Natasha
  3638 | D:5      | Entered Level 5 of the Dungeon
  3681 | D:5      | Reached XP level 7. HP: 68/68 MP: 6/6
  3743 | D:5      | Reached skill level 7 in Unarmed Combat
  3771 | D:5      | Reached skill level 4 in Fighting
  4007 | D:5      | Found a glowing drain.
  4022 | Sewer    | Entered a sewer
  4440 | D:5      | Reached skill level 8 in Unarmed Combat
  4460 | D:5      | Reached XP level 8. HP: 77/78 MP: 7/7
  4683 | D:6      | Got a heavily runed glass ring
  4695 | D:6      | Identified the ring of Brilliance {MP+9 Slay+3} (You found
                  | it on level 6 of the Dungeon)
  4702 | D:6      | Reached skill level 5 in Fighting
  4807 | D:6      | Reached skill level 9 in Unarmed Combat
  4810 | D:6      | Found a staircase to the Ecumenical Temple.
  4825 | Temple   | Entered the Ecumenical Temple
  5084 | Temple   | Became a worshipper of the Shining One
  5253 | D:6      | Reached skill level 10 in Unarmed Combat
  5259 | D:6      | Found a snail-covered altar of Cheibriados.
  5278 | D:6      | Found a blossoming altar of Fedhas.
  5302 | D:6      | Reached XP level 9. HP: 86/86 MP: 8/8
  5470 | D:6      | theanonym: ??jiyva
  5470 | D:6      | meem: jiyva[1/4]: *: request jelly invocation; **: gain
                  | nutrition on slurps; ***: mutation gifts; ****: {slimify},
                  | mp on slurps; *****: cure bad mutation invocation, hp on
                  | slurps; ******: possible friendly temporary slime if hit
                  | for > 25% maxhp, slime:5 walls removed
  5528 | D:7      | Noticed a troll
  5534 | D:7      | HP: 41/86 [troll (8)]
  5539 | D:7      | Killed a troll
  5539 | D:7      | Reached skill level 6 in Fighting
  5727 | D:7      | Found a deep blue altar of Sif Muna.
  5730 | D:7      | Found a white marble altar of Elyvilon.
  5741 | D:7      | Found an opulent altar of Gozag.
  5744 | D:7      | Found an ancient bone altar of Kikubaaqudgha.
  5763 | D:7      | Reached * piety under the Shining One
  5858 | D:7      | Reached skill level 11 in Unarmed Combat
  5951 | D:7      | Noticed an unseen horror
  5954 | D:7      | Killed an unseen horror
  5954 | D:7      | Reached skill level 7 in Fighting
  6087 | D:7      | Reached XP level 10. HP: 89/99 MP: 9/9
  6231 | D:7      | Reached ** piety under the Shining One
  6293 | D:7      | Reached skill level 12 in Unarmed Combat
  6772 | D:8      | Noticed a two-headed ogre
  6780 | D:8      | Killed a two-headed ogre
  6833 | D:8      | Found a staircase to the Lair.
  6841 | D:8      | Noticed a death yak
  6841 | D:8      | Noticed a death yak
  6841 | D:8      | Noticed a death yak
  6858 | D:8      | HP: 40/101 [orc priest/divine providence (13)]
  6863 | D:8      | Killed a death yak
  6863 | D:8      | Reached skill level 8 in Fighting
  6863 | D:8      | Reached skill level 13 in Unarmed Combat
  6864 | D:8      | HP: 42/101 [death yak (1)]
  6865 | D:8      | HP: 14/101 [orc priest/divine providence (8)]
  6866 | D:8      | HP: 3/101 [orc priest/divine providence (11)]
  6871 | D:8      | HP: 7/104 [orc priest/divine providence (10)]
  7190 | D:8      | HP: 35/104 [death yak (23)]
  7191 | D:8      | HP: 14/104 [death yak (22)]
  7198 | D:8      | Slain by a death yak

Vanquished Creatures
  A death yak (D:8)
  A two-headed ogre (D:8)
  An unseen horror (D:7)
  A troll (D:7)
  A hippogriff (D:7)
  A yak (D:7)
  3 hogs (D:7)
  A human (D:7)
  A hungry ghost (D:7)
  2 porcupines (D:8)
  3 ice beasts
  A sky beast (D:5)
  A black bear (D:6)
  4 ogres
  4 phantoms
  2 necrophages
  A centaur (D:7)
  4 bullfrogs
  A wyvern zombie (D:6)
  3 scorpions
  A water moccasin skeleton (D:4)
  4 howler monkeys
  4 crimson imps
  2 bullfrog zombies
  A centaur zombie (D:7)
  5 orc priests
  9 orc wizards
  6 hounds
  A jelly (D:6)
  2 bullfrog skeletons (D:6)
  2 centaur skeletons
  Natasha (thrice) (D:4)
  An iguana (D:7)
  10 worker ants
  A hound skeleton (D:8)
  4 gnolls (D:7)
  14 adders
  5 river rats (Sewer)
  A shadow imp (D:6)
  4 oozes
  A worm (D:5)
  3 dart slugs
  6 leopard geckos
  18 orcs
  2 ball pythons
  11 bats
  7 giant cockroaches
  7 goblins
  8 hobgoblins
  12 jackals
  6 quokkas
  A ball python skeleton (D:5)
  9 frilled lizards
  A jackal zombie (D:6)
  5 kobolds
  15 rats
229 creatures vanquished.

Table legend:
 A = Turns spent in this place as a percentage of turns spent in the entire game.
 B = Non-inter-level travel turns spent in this place as a percentage of non-inter-level travel turns spent in the entire game.
 C = Inter-level travel turns spent in this place as a percentage of turns spent in this place.
 D = Turns resting spent in this place as a percentage of non-inter-level travel turns spent in this place.
 E = Turns spent auto-exploring this place as a percentage of non-inter-level travel turns spent in this place.
 F = Non-inter-level travel turns spent in this place divided by the number of levels of this place that you've seen.
                   A       B       C       D       E      F
               +-------+-------+-------+-------+-------+----------------------
         Total | 100.0 | 100.0 |   3.7 |   4.9 |  78.1 | 692.9
       Dungeon |  91.4 |  91.5 |   3.5 |   5.3 |  77.8 | 792.9
        Temple |   3.8 |   3.4 |  13.3 |   0.0 |  94.4 | 234.0
         Sewer |   4.9 |   5.1 |   0.0 |   0.0 |  71.9 | 352.0
               +-------+-------+-------+-------+-------+----------------------
